 Dungeon Crawl Stone Soup version 0.23.0 (webtiles) character file.

Game seed: 18137588683870160835

3349 KeiraKnightley the Thaumaturge (level 9, -3/45 HPs)
             Began as a Deep Elf Fire Elementalist on Feb 9, 2019.
             Was a Follower of Vehumet.
             Killed by nerve-wracking pain
             ... invoked by an orc priest
              (11 damage)
             ... on level 8 of the Dungeon on Feb 10, 2019.
             The game lasted 00:37:01 (9561 turns).

KeiraKnightley the Thaumaturge (DEFE)               Turns: 9561, Time: 00:37:01

Health: -3/45      AC:  4    Str:  9    XL:     9   Next: 72%
Magic:  12/24      EV: 16    Int: 25    God:    Vehumet [*.....]
Gold:   244        SH:  6    Dex: 22    Spells: 11/27 levels left

rFire    . . .     SeeInvis +   d - +1 dagger (venom)
rCold    . . .     Gourm    .   k - +0 buckler
rNeg     . . .     Faith    .   G - +2 robe of Servitude {*Drain rPois Dex+4 SInv}
rPois    +         Spirit   .   (no helmet)
rElec    .         Reflect  .   (no cloak)
rCorr    .         Harm     .   (no gloves)
MR       .....                  (no boots)
Stlth    +++.......             (no amulet)
HPRegen  0.15/turn              C - ring of Umah {*Corrode Str+3 Int+2 Dex+3}
MPRegen  0.19/turn              (no ring)

@: no status effects
A: no striking features
a: Renounce Religion


You were on level 8 of the Dungeon.
You worshipped Vehumet.
Vehumet was aware of your devotion.
You were not hungry.

You visited 2 branches of the dungeon, and saw 9 of its levels.

You collected 432 gold pieces.
You spent 188 gold pieces at shops.

Inventory:

Hand Weapons
 d - a +1 dagger of venom (weapon)
 q - a +0 falchion
 r - a +1 mace of holy wrath
 F - a +2 falchion of electrocution
Missiles
 f - 71 arrows
 h - 94 bolts
 i - 262 stones (quivered)
 n - a throwing net
 y - 7 javelins of returning
 A - 73 sling bullets
Armour
 a - a +1 robe
 b - the cursed +1 scale mail of the Pleiades {-Cast +Inv rN+++ Str+7, unknown}
   (You found it on level 6 of the Dungeon)

   It affects your strength (+7).
   It renders you almost immune to negative energy.
   It lets you turn invisible.
   It prevents spellcasting.
   It has a curse placed upon it.
 k - a +0 buckler (worn)
 G - the +2 robe of Servitude (worn) {*Drain rPois Dex+4 SInv}
   (You bought it in a shop on level 6 of the Dungeon)

   It affects your dexterity (+4).
   It protects you from poison.
   It lets you see invisible.
   It causes draining when unequipped.
 M - a +1 leather armour of positive energy
Jewellery
 s - an uncursed ring of positive energy
 t - an uncursed ring of resist corrosion
 C - the ring of Umah (left hand) {*Corrode Str+3 Int+2 Dex+3}
   (You found it on level 6 of the Dungeon)

   [ring of strength]

   It affects your strength (+3).
   It affects your intelligence (+2).
   It affects your dexterity (+3).
   It may corrode you when you take damage.
 L - an uncursed ring of fire {unknown}
Wands
 m - a wand of iceblast (14)
 v - a wand of scattershot (6)
 D - a wand of random effects (16)
Scrolls
 e - a scroll of random uselessness {unknown}
 g - a scroll of immolation
 o - a scroll of fog
 p - 3 scrolls of teleportation
 z - 2 scrolls of enchant armour
 H - 2 scrolls of remove curse
 J - a scroll of identify
Potions
 j - 4 potions of degeneration {unknown}
 l - 5 potions of curing
 u - a potion of brilliance {unknown}
 w - a potion of lignification {unknown}
 x - 2 potions of invisibility {unknown}
 B - 2 potions of magic {unknown}
 E - a potion of might
 I - a potion of agility {unknown}
Comestibles
 c - 14 rations
 K - 4 chunks of flesh


   Skills:
 + Level 4.5 Dodging
 - Level 2.4 Stealth
 - Level 4.0 Shields
 + Level 9.7 Spellcasting
 + Level 7.6 Conjurations
 - Level 2.0 Necromancy
 - Level 2.1 Translocations
 - Level 8.0 Fire Magic
 + Level 1.9 Earth Magic


You had 11 spell levels left.
You knew the following spells:

 Your Spells              Type           Power        Failure   Level  Hunger
a - Flame Tongue          Conj/Fire      #####        1%          1    None
b - Throw Flame           Conj/Fire      ######       1%          2    None
c - Conjure Flame         Conj/Fire      ######..     1%          3    None
d - Sticky Flame          Conj/Fire      ######..     1%          4    #......
e - Stone Arrow           Conj/Erth      #####.       2%          3    None
f - Animate Skeleton      Necr           N/A          2%          1    None
g - Magic Dart            Conj           ####         1%          1    None
h - Apportation           Tloc           ###...       1%          1    None

Your spell library contained the following spells:

 Spells                   Type           Power        Failure   Level  Hunger
 Shock                    Conj/Air       ####         1%          1    None
 Searing Ray              Conj           ######       1%          2    None
 Sandblast                Erth           ###...       2%          1    None
 Iskenderun's Mystic Bla  Conj           ######..     2%          4    #......
 Dazzling Spray           Conj/Hex       ####..       3%          3    None
 Inner Flame              Hex/Fire       ####....     3%          3    None
 Confusing Touch          Hex            ##....       4%          1    None
 Corona                   Hex            ##.....      4%          1    None
 Summon Small Mammal      Summ           ##..         4%          1    None
 Passwall                 Tmut/Erth      ###.....     5%          2    None
 Fireball                 Conj/Fire      ######....   5%          5    ####...
 Force Lance              Conj/Tloc      #####...     7%          4    #......
 Ensorcelled Hibernation  Hex/Ice        ##....       8%          2    None
 Fulminant Prism          Conj/Hex       ####......   11%         4    #......
 Confuse                  Hex            ##......     16%         3    None
 Tukima's Dance           Hex            ##......     16%         3    None
 Petrify                  Tmut/Erth      ###.....     34%         4    #......
 Lee's Rapid Deconstruct  Erth           ###.......   54%         5    ####...


Dungeon Overview and Level Annotations

Branches:
Dungeon (8/15)             Temple (1/1) D:7
   Lair: D:8-11

Altars:
Ashenzari
Cheibriados
Dithmenos
Elyvilon
Fedhas
Gozag
Hepliaklqana
Kikubaaqudgha
Makhleb
Nemelex Xobeh
Okawaru
Qazlal
Ru
Trog
Uskayaw
Vehumet
Wu Jian
Xom
Yredelemnul
Zin
The Shining One

Shops:
D:6 [[}

Annotations:
D:1 exclusion: downstairs
D:5 exclusions: 4 doors and 1 more exclusion


Message History

Okay, then.
Okay, then.
Casting: Flame Tongue (safe; 1% risk of failure)
Confirm with . or Enter, or press ? or * to list all spells.
Okay, then.
Okay, then.
Casting: Flame Tongue (safe; 1% risk of failure)
Confirm with . or Enter, or press ? or * to list all spells.
Okay, then.
Okay, then.
The orc wizard shouts!
You hear a shout!
The orc wizard casts a spell.
The orc wizard flickers and vanishes for a moment.
The orc priest hits you.
* * * LOW HITPOINT WARNING * * *
The orc wizard casts a spell.
The orc wizard blinks!
The orc priest mumbles some strange prayers to Beogh against you.
Pain shoots through your body!
You die...

... #.# #.# #.# #.
#######.######.#####..
##.....................
##.......o......?....#
#....).......<.......#
#...)<รท....o...#...###
#....)).....o..#...#
#.........@...))...#
#..............#......#
##............##...####
##..........###...#
############ #...#
#...# #...# #...#


You could see an orc warrior, an orc priest and an orc wizard (invisible).

Vanquished Creatures
  Grinder (D:4)
  Sigmund (D:2)
  Eustachio (D:4)
  Menkaure (D:4)
  Duvessa (D:5)
  An orc warrior (D:8)
  2 ice beasts
  3 phantoms
  5 ogres
  2 sky beasts (D:6)
  3 bullfrogs (D:6)
  A water moccasin zombie (D:5)
  Dowan (D:5)
  A howler monkey (D:6)
  3 crimson imps (D:6)
  A centaur zombie (D:6)
  2 hounds
  7 orc wizards
  8 orc priests
  3 bullfrog skeletons (D:6)
  2 jellies
  An iguana (D:5)
  2 worker ants
  A hound zombie (D:6)
  A howler monkey skeleton (D:6)
  6 gnolls
  9 adders
  A shadow imp (D:6)
  An ooze (D:1)
  3 adder zombies
  4 worms
  6 dart slugs
  22 orcs
  5 giant cockroaches
  6 goblins
  6 hobgoblins
  14 jackals
  3 quokkas
  5 bats
  7 frilled lizards
  A giant cockroach zombie (D:6)
  8 kobolds
  A quokka zombie (D:5)
  5 rats
168 creatures vanquished.

Notes
Turn   | Place    | Note
-------+----------+-------------------------------------------
     0 | D:1      | KeiraKnightley the Deep Elf Fire Elementalist began the
                  | quest for the Orb.
     0 | D:1      | Reached XP level 1. HP: 10/10 MP: 6/6
   218 | D:1      | Reached XP level 2. HP: 15/15 MP: 4/8
   226 | D:1      | Learned a level 2 spell: Throw Flame
   661 | D:1      | Reached XP level 3. HP: 19/19 MP: 8/10
   666 | D:1      | Learned a level 3 spell: Conjure Flame
  1617 | D:2      | Reached XP level 4. HP: 9/24 MP: 1/11
  1879 | D:2      | Learned a level 4 spell: Sticky Flame
  1918 | D:2      | Noticed Sigmund
  2140 | D:3      | Reached skill level 4 in Spellcasting
  2687 | D:3      | Found a shattered altar of Ashenzari.
  3028 | D:3      | Found a sacrificial altar of Ru.
  3042 | D:3      | Noticed a phantom
  3053 | D:3      | Killed a phantom
  3053 | D:3      | Reached skill level 5 in Spellcasting
  3053 | D:3      | Reached XP level 5. HP: 28/28 MP: 1/14
  3537 | D:4      | Reached XP level 6. HP: 29/32 MP: 8/16
  3677 | D:4      | Noticed Eustachio
  3701 | D:4      | Noticed Menkaure
  3709 | D:4      | Killed Menkaure
  3709 | D:4      | Reached skill level 1 in Shields
  3709 | D:4      | Reached skill level 6 in Spellcasting
  3709 | D:4      | Reached skill level 5 in Fire Magic
  3888 | D:4      | Noticed Grinder
  3988 | D:4      | Learned a level 1 spell: Apportation
  4424 | D:5      | Entered Level 5 of the Dungeon
  4443 | D:5      | Reached XP level 7. HP: 31/36 MP: 0/18
  4565 | D:5      | Reached skill level 1 in Translocations
  4925 | D:5      | Found a sparkling altar of Nemelex Xobeh.
  5018 | D:5      | Reached skill level 5 in Conjurations
  5093 | D:5      | Learned a level 1 spell: Animate Skeleton
  5215 | D:5      | Reached skill level 7 in Spellcasting
  5361 | D:5      | Noticed Duvessa
  5361 | D:5      | Noticed Dowan
  5369 | D:5      | Killed Dowan
  5414 | D:5      | Killed Duvessa
  5414 | D:5      | Reached XP level 8. HP: 13/41 MP: 9/20
  6415 | D:2      | Killed Sigmund
  6527 | D:4      | Killed Grinder
  6527 | D:4      | Reached skill level 8 in Spellcasting
  6664 | D:4      | Killed Eustachio
  6831 | D:6      | Learned a level 1 spell: Magic Dart
  6835 | D:6      | Found Aficsaxe's Gadget Shoppe.
  6884 | D:6      | Reached XP level 9. HP: 39/45 MP: 13/23
  6952 | D:6      | Found Ythaiff's Antique Armour Shop.
  6956 | D:6      | Bought a silken robe for 188 gold pieces
  6956 | D:6      | Identified the +2 robe of Servitude {*Drain rPois Dex+4
                  | SInv} (You bought it in a shop on level 6 of the Dungeon)
  7228 | D:6      | Reached skill level 1 in Necromancy
  7289 | D:6      | Got a steaming scale mail
  7350 | D:6      | Reached skill level 9 in Spellcasting
  7448 | D:6      | Got a steaming bone ring
  7470 | D:6      | Identified the ring of Umah {*Corrode Str+3 Int+2 Dex+3}
                  | (You found it on level 6 of the Dungeon)
  7679 | D:6      | Found Pehesuun's Armour Shoppe.
  7794 | D:6      | Found a radiant altar of Vehumet.
  7801 | D:6      | Learned a level 3 spell: Stone Arrow
  7807 | D:6      | Found a snail-covered altar of Cheibriados.
  7813 | D:6      | Became a worshipper of Vehumet
  7817 | D:6      | Found a blossoming altar of Fedhas.
  8114 | D:7      | Found a staircase to the Ecumenical Temple.
  8138 | Temple   | Entered the Ecumenical Temple
  8827 | D:7      | Reached skill level 1 in Earth Magic
  9425 | D:8      | Reached * piety under Vehumet
  9425 | D:8      | Offered knowledge of Shock by Vehumet.
  9547 | D:8      | Paralysed by an orc warrior for 3 turns
  9554 | D:8      | Paralysed by an orc warrior for 5 turns
  9561 | D:8      | Killed from afar by an orc priest

Skill      XL: |  1  2  3  4  5  6  7  8  9 |
---------------+----------------------------+-----
Conjurations   | 2 3 4 5 6 7 |  7.6
Fire Magic     | 4 5 6 7 8 |  8.0
Spellcasting   | 5 6 7 8 9 |  9.7
Shields        | 1 2 3 4 |  4.0
Translocations | 2 |  2.1
Necromancy     | 2 |  2.0
Dodging        | 4 |  4.5
Earth Magic    | 1 |  1.9
Stealth        | |  2.4

Action                   |  1- 3 |  4- 6 |  7- 9 || total
-------------------------+-------+-------+-------++-------
Melee: Mace              |       |       |    36 ||    36
       Dagger            |       |       |     5 ||     5
 Cast: Flame Tongue      |    59 |    85 |   169 ||   313
       Throw Flame       |     3 |    14 |    37 ||    54
       Conjure Flame     |     3 |     8 |    23 ||    34
       Sticky Flame      |       |     2 |    15 ||    17
       Stone Arrow       |       |       |    15 ||    15
  Use: Scroll            |       |     6 |     3 ||     9
       Potion            |       |     3 |       ||     3
 Stab: Sleeping          |       |       |     1 ||     1
  Eat: Chunk             |     2 |     9 |    14 ||    25
       Ration            |       |       |     1 ||     1
Armor: Robe              |     5 |     3 |     8 ||    16
Dodge: Dodged            |    15 |    14 |    52 ||    81
Block: Buckler           |       |       |     4 ||     4
